AoeStats
← dashuaibi

Hill Fort

506836497Analyzed
4v4 RM · 17d ago on Sep 15, 2026· 37m 9s· 8 players
Game mode
Random Map
Map size
Large (8 player)
Population
200
Speed
Normal
Resources
Standard
Victory
Conquest
Starting age
Dark Age
Ending age
Imperial Age
RankedLock teamsTeams togetherTeam positionsShared explorationLock speedFull tech treeHidden civsTurbo modeCheats
Victory
Defeat
🇹🇼 Magyars · Taiwan
1288
+16
🇨🇳 Mongols · China
1285
+16
🇹🇼 Britons · Taiwan
1269
+16
🇮🇳 Tatars · India
1258
+16
🇨🇳 Japanese · China
1298
-17
🇨🇳 Jurchens · China
1270
-16
🇨🇳 Italians · China
1262
-15
stu060401
7:20 Loom
11:06 Feudal Age
11:10 Feudal Age
16:15 Castle Age
15:10 Double-Bit Axe
15:07 Horse Collar
17:32 Bow Saw
23:19 Heavy Plow
24:04 Wheelbarrow
23:59 Fletching
31:58 Imperial Age
29:39 Bodkin Arrow
30:07 Ballistics
30:46 Padded Archer Armor
31:57 Leather Archer Armor
32:01 Fortified Wall
33:57 Chemistry
32:59 Bracer
33:30 Ring Archer Armor
34:03 Elite Longbowman
36:40 Two-Man Saw
36:23 Gold Mining
36:25 Stone Mining
dashuaibi
0:47 Loom
9:16 Feudal Age
12:48 Forging
21:08 Castle Age
19:02 Double-Bit Axe
18:59 Horse Collar
21:48 Scale Barding Armor
22:49 Bow Saw
22:41 Heavy Plow
25:43 Padded Archer Armor
25:43 Gold Mining
26:32 Fletching
27:49 Bodkin Arrow
29:01 Leather Archer Armor
29:20 Ballistics
29:59 Gold Shaft Mining
32:28 Bloodlines
32:18 Husbandry
33:04 Stone Mining
38:02 Imperial Age
36:08 Wheelbarrow
35:18 Town Watch
36:21 Thumb Ring
37:36 Masonry
37:37 Fortified Wall
托尼
7:16 Loom
11:09 Feudal Age
11:49 Double-Bit Axe
11:52 Horse Collar
17:23 Castle Age
15:30 Gold Mining
15:30 Stone Mining
20:10 Heavy Plow
23:30 Wheelbarrow
24:01 Bow Saw
24:52 Bow Saw
28:08 Hand Cart
33:06 Imperial Age
31:10 Fletching
31:20 Padded Archer Armor
32:07 Gold Shaft Mining
31:57 Bloodlines
31:48 Husbandry
31:57 Thumb Ring
32:08 Corvinian Army
32:35 Bodkin Arrow
32:56 Leather Archer Armor
32:47 Town Watch
33:49 Ballistics
33:10 Treadmill Crane
33:12 Heavy Cavalry Archer
34:24 Parthian Tactics
34:38 Recurve Bow
35:03 Conscription
34:50 Bracer
35:20 Ring Archer Armor
36:24 Two-Man Saw
35:58 Crop Rotation
35:55 Elite Magyar Huszar
37:38 Chemistry
37:34 Scale Barding Armor
37:30 Scale Mail Armor
AztecKiller2427
11:20 Feudal Age
11:12 Loom
13:12 Double-Bit Axe
16:10 Castle Age
15:02 Horse Collar
15:15 Fletching
16:57 Bodkin Arrow
17:03 Padded Archer Armor
18:52 Bow Saw
24:26 Town Watch
30:32 Husbandry
34:01 Leather Archer Armor
35:36 Wheelbarrow
35:50 Heavy Plow
36:55 Ballistics
37:56 Wheelbarrow
休眠玩家 精锐条顿骑士 一步杀十人
11:52 Feudal Age
13:18 Loom
17:46 Castle Age
16:01 Horse Collar
16:41 Double-Bit Axe
16:49 Gold Mining
17:18 Stone Mining
18:52 Wheelbarrow
19:33 Bow Saw
19:45 Heavy Plow
21:00 Hand Cart
24:04 Town Watch
25:12 Coinage
26:34 Gold Shaft Mining
icu monster
10:53 Feudal Age
14:57 Castle Age
13:48 Double-Bit Axe
13:53 Horse Collar
14:39 Gold Mining
14:39 Loom
18:24 Wheelbarrow
19:01 Wheelbarrow
18:38 Fletching
20:42 Bodkin Arrow
24:35 Heavy Plow
24:57 Town Watch
29:19 Hand Cart
打咩哟~
11:25 Feudal Age
15:18 Castle Age
15:05 Double-Bit Axe
15:03 Horse Collar
16:22 Loom
17:18 Wheelbarrow
30:31 Husbandry
30:44 Bloodlines
33:26 Imperial Age
31:12 Hand Cart
31:29 Treadmill Crane
32:09 Scale Barding Armor
32:48 Forging
34:35 Iron Casting
34:08 Scale Mail Armor
34:31 Chain Barding Armor
34:22 Elite Steppe Lancer
35:07 Gold Mining
买麻衣也用劵
11:37 Feudal Age
15:34 Castle Age
13:55 Double-Bit Axe
14:12 Horse Collar
20:18 Scale Mail Armor
22:49 Chain Mail Armor
32:54 Imperial Age
36:50 Imperial Age
34:29 Fletching
34:40 Padded Archer Armor
35:46 Bodkin Arrow
36:09 Leather Archer Armor
36:55 Thumb Ring
Connection lost

Rejoining the realm…

Still unreachable

The connection could not be restored.

Session expired

The server has moved on; the page needs a fresh start.